 Dungeon Crawl Stone Soup version 0.27.1-2-g3b301248ec (webtiles) character file.

Game seed: 8589766101676692135

738 Destapler the Cudgeller (level 7, -8/71 HPs)
             Began as a Troll Berserker on Sept 29, 2021.
             Was a Priest of Trog.
             Killed from afar by a centaur (20 damage)
             ... with a bolt of acid
             ... on level 5 of the Dungeon.
             The game lasted 00:08:46 (3204 turns).

Destapler the Cudgeller (Troll Berserker)           Turns: 3204, Time: 00:08:48

Health: -8/71      AC:  0    Str: 28    XL:     7   Next: 46%
Magic:  6/6        EV: 10    Int:  3    God:    Trog [***...]
Gold:   213        SH:  0    Dex:  9    Spells: 6/6 levels left

rFire    . . .     SeeInvis .   a - +0 whip (elec)
rCold    . . .     Faith    .   (no shield)
rNeg     . . .     Spirit   .   b - +0 animal skin
rPois    .         Reflect  .   (helmet restricted)
rElec    .         Harm     .   (no cloak)
rCorr    .         Rampage  .   (gloves unavailable)
Will     ++...                  (boots unavailable)
Stlth    +.........             (no amulet)
HPRegen  2.21/turn              (no ring)
MPRegen  0.10/turn              (no ring)

@: strong-willed, corroded, on berserk cooldown, regenerating
A: large, unfitting armour, claws 3, regeneration 1, shaggy fur 1, tough skin 1
a: Renounce Religion, Berserk, Trog's Hand


You were on level 5 of the Dungeon.
You worshipped Trog.
Trog was most pleased with you.
You visited 1 branch of the dungeon, and saw 5 of its levels.

You collected 233 gold pieces.
You spent 20 gold pieces at shops.

Inventory:

Hand Weapons
 a - a +0 whip of electrocution (weapon)
Missiles
 h - 3 javelins (quivered)
Armour
 b - a +0 animal skin (worn)
Wands
 q - a wand of flame (25)
Scrolls
 c - 2 scrolls of magic mapping {unknown}
 d - 2 scrolls of teleportation {unknown}
 g - 6 scrolls of identify
 i - a scroll of blinking {unknown}
 k - 3 scrolls of amnesia {unknown}
 m - a scroll of enchant armour {unknown}
 r - a scroll of fear {unknown}
Potions
 e - a potion of heal wounds {unknown}
 f - a potion of cancellation {unknown}
 j - a potion of attraction {unknown}
 l - 2 potions of haste {unknown}
 n - a potion of mutation {unknown}
 o - 3 potions of curing
 p - 2 potions of might {unknown}


   Skills:
 + Level 4.6 Fighting
 + Level 5.1 Maces & Flails
 + Level 4.6 Dodging


You had 6 spell levels left.
You didn't know any spells.
Your spell library contained the following spells:

 Spells                   Type           Power      Damage    Failure   Level
 Conjure Flame            Conj/Fire      0%         6-21      88%         3
 Ignite Poison            Fire/Tmut/Pois 0%         N/A       88%         3
 Sticky Flame             Conj/Fire      0%         2d3       99%         4


Dungeon Overview and Level Annotations

Branches:
Dungeon (5/15)
 Temple: D:4-7

Altars:
Dithmenos
Xom
Yredelemnul

Shops:
D:4 ?

Annotations:
D:5 Menkaure


Innate Abilities, Weirdness & Mutations

You are too large for most types of armour.
You have claws for hands.
Your natural rate of healing is unusually fast.
You are covered in fur. (AC +1)
You have tough skin. (AC +1)


Message History

You are no longer poisoned.
You start resting.
HP restored.
There is a stone staircase leading up here.
You feel yourself speed up.
A centaur comes into view. It is carrying a wand of acid (8).
A centaur is nearby!
The centaur shouts!
You hear a shout!
The centaur zaps a wand.
The bolt of acid hits you!! The acid corrodes you!
You are splashed with acid!!
The centaur wields a +0 shortbow.
The centaur shoots an arrow.
The arrow hits you!
* * * LOW HITPOINT WARNING * * *
The centaur shoots an arrow.
The arrow hits you.
* * * LOW HITPOINT WARNING * * *
An ogre comes into view. It is wielding a +0 giant club.
The ogre shouts!
You hear a shout!
The centaur zaps a wand.
The bolt of acid misses you.
The centaur shoots an arrow.
The arrow hits you!
* * * LOW HITPOINT WARNING * * *
A quokka comes into view.
Found a scale mail.
The centaur zaps a wand.
The bolt of acid misses you.
Your skin crawls.
You feel strong-willed.
The centaur unwields a +0 shortbow.
The centaur barely misses you. The centaur kicks you.
* * * LOW HITPOINT WARNING * * *
Menkaure, Prince of Dust comes into view.
It was a potion of curing.
You feel better. The centaur hits you.
* * * LOW HITPOINT WARNING * * *
The centaur kicks you.
* * * LOW HITPOINT WARNING * * *
You completely miss the centaur. The centaur closely misses you. x2
You hit the centaur but do no damage. The centaur hits you.
* * * LOW HITPOINT WARNING * * *
The centaur kicks you.
* * * LOW HITPOINT WARNING * * *
The ogre hits you with a +0 giant club!
* * * LOW HITPOINT WARNING * * *
The centaur zaps a wand.
The bolt of acid hits you!!
You die...

###...# #.## ##...## . #.#.# #..#
#._._.# #. #. #.#<####.## ###8###
..# #..#.#...##..# ######.. #.#
#.#.##..###.###....... #.#
#........##........... #.#
#.........#...#....... . #.#
##.........†.........[.
..##.######.....@....†..##.......
......<........Oc..>...####...#.#
..##)#######...r........##...#..#
......# #........#.#..........
..##.... .........>#..#.........
. .5######M..###.##########.....
..# #.#. #.. ##.... #... ..[. #.
#.... ..#. #....


You could see an ogre, Menkaure, a centaur and a quokka.

Vanquished Creatures
  Eustachio (D:4)
  A black bear (D:5)
  An ogre (D:4)
  A lemure (D:4)
  The ghost of isuldar6 the Skirmisher, a weakling MiFi of Elyvilon (D:3)
  A howler monkey (D:5)
  2 centaur skeletons
  2 hounds
  An iguana (D:5)
  A killer bee zombie (D:4)
  6 adders
  2 ufetubi (D:5)
  2 worms
  2 dart slugs
  3 orcs
  6 ball pythons
  14 endoplasms
  4 giant cockroaches
  11 goblins
  7 hobgoblins
  8 jackals
  5 kobolds
  6 quokkas
  6 bats
  9 rats
103 creatures vanquished.

Notes
Turn   | Place    | Note
-------+----------+-------------------------------------------
     0 | D:1      | Destapler the Troll Berserker began the quest for the Orb.
     0 | D:1      | Reached XP level 1. HP: 22/22 MP: 0/0
    64 | D:1      | Found a faded altar of an unknown god.
    95 | D:1      | Reached XP level 2. HP: 27/29 MP: 1/1
   257 | D:1      | Reached skill level 3 in Maces & Flails
   715 | D:2      | Reached XP level 3. HP: 35/36 MP: 2/2
   809 | D:2      | Reached ** piety under Trog
  1314 | D:3      | Found a runed translucent door.
  1314 | D:3      | Noticed isuldar6's ghost (weakling MiFi)
  1432 | D:3      | Reached XP level 4. HP: 41/45 MP: 3/3
  1627 | D:3      | Found a basalt altar of Yredelemnul.
  2046 | D:3      | Killed isuldar6's ghost
  2150 | D:3      | Reached XP level 5. HP: 53/53 MP: 4/4
  2245 | D:4      | Noticed an ogre
  2251 | D:4      | Killed an ogre
  2252 | D:4      | Reached skill level 4 in Maces & Flails
  2252 | D:4      | Reached XP level 6. HP: 58/62 MP: 5/5
  2288 | D:4      | Found Reuneups's Magic Scroll Shoppe.
  2680 | D:4      | Bought a scroll of identify for 20 gold pieces
  2754 | D:4      | Reached *** piety under Trog
  2953 | D:5      | Entered Level 5 of the Dungeon
  2953 | D:5      | Noticed Eustachio
  2969 | D:4      | Killed Eustachio
  3040 | D:4      | Reached XP level 7. HP: 71/71 MP: 6/6
  3110 | D:5      | Found a shimmering altar of Xom.
  3110 | D:5      | Found a shadowy altar of Dithmenos.
  3159 | D:5      | Reached skill level 5 in Maces & Flails
  3201 | D:5      | Noticed Menkaure
  3204 | D:5      | Killed from afar by a centaur

Illustrated notes

Levels and vault maps discovered:
D:1:      ebering_trefoil_twist, layout_basic,
          hellmonk_ecumenical_altar_leap_of_faith, amcnicky_mini_pool_small
D:2:      layout_basic
D:3:      wad_crossroads, layout_basic, mainiacjoe_overflow_alcove_1,
          hellmonk_ghost_happy_afterlife, grunt_ministairs_7
D:4:      cheibrodos_helix_gallery, layout_gridville, serial_shops,
          nicolae_shop_waterfront, minmay_fractal_squares_diagonal_5
D:5:      layout_rooms, led_sif_pool, gammafunk_temple_overflow_statue,
          uniq_duvessa, uniq_menkaure, uniq_pikel, uniq_eustachio

Skill      XL: |  1  2  3  4  5  6  7 |
---------------+----------------------+-----
Maces & Flails | 3 4 5 |  5.1
Dodging        | 3 4 |  4.6
Fighting       | 3 4 |  4.6

Action                   |  1- 3 |  4- 6 |  7- 9 || total
-------------------------+-------+-------+-------++-------
Melee: Mace              |    61 |       |       ||    61
       Whip              |    69 |   177 |    38 ||   284
Invok: Berserk           |       |     4 |     1 ||     5
       Trog's Hand       |       |     2 |     1 ||     3
  Use: Potion            |       |       |     1 ||     1
 Stab: Sleeping          |     1 |     1 |       ||     2
Armor: Animal skin       |    60 |    48 |    10 ||   118
Dodge: Dodged            |    64 |    87 |    37 ||   188
